 Dungeon Crawl Stone Soup version 0.27.1-37-g7b29ead8ac (console) character file.

Game seed: 18222984216891170927

26157 grimtooth the Eclecticist (level 12, -11/70 HPs)
             Began as a Deep Elf Hedge Wizard on July 25, 2023.
             Was an Elder of Vehumet.
             Shot with an arrow by a centaur warrior (21 damage)
             ... on level 14 of the Dungeon on July 29, 2023.
             The game lasted 02:20:50 (24924 turns).

grimtooth the Eclecticist (Deep Elf Hedge Wizard)  Turns: 24924, Time: 02:20:51

Health: -11/70     AC:  9    Str:  8    XL:     12   Next: 95%
Magic:  28/33      EV: 16    Int: 27    God:    Vehumet [****..]
Gold:   805        SH:  0    Dex: 14    Spells: 20/41 levels left

rFire    + . .     SeeInvis .   a - +4 dagger (protect)
rCold    . . .     Faith    .   (no shield)
rNeg     . . .     Spirit   .   r - +0 robe
rPois    .         Reflect  .   H - +1 hat {Int+3}
rElec    .         Harm     .   (no cloak)
rCorr    .         Rampage  .   L - +1 pair of gloves
Will     +....                  (no boots)
Stlth    +.........             (no amulet)
HPRegen  0.21/turn              E - +4 ring of protection
MPRegen  0.23/turn              p - ring of protection from fire

@: confused, ambrosia-drunk
A: no striking features
a: Renounce Religion


You were on level 14 of the Dungeon.
You worshipped Vehumet.
Vehumet was greatly pleased with you.
You visited 3 branches of the dungeon, and saw 16 of its levels.

You collected 885 gold pieces.
You spent 80 gold pieces at shops.

Inventory:

Hand Weapons
 a - a +4 dagger of protection (weapon)
 b - a +2 short sword of venom
Missiles
 g - 78 stones
 h - 8 silver boomerangs
 l - 2 curare-tipped darts
 B - 70 poisoned darts (quivered)
Armour
 r - a +0 robe (worn)
 H - a +1 hat of intelligence (worn)
 I - +0 acid dragon scales
 L - a +1 pair of gloves (worn)
Magical Staves
 y - a staff of death
Jewellery
 d - a ring of protection from cold
 o - a ring of protection from cold
 p - a ring of protection from fire (right hand)
 u - a +6 ring of strength
 A - a ring of flight
 E - a +4 ring of protection (left hand)
 P - a ring of fire
Wands
 f - a wand of flame (7)
 j - a wand of iceblast (9)
 s - a wand of polymorph (14)
 z - a wand of digging (15)
 N - a wand of acid (8)
Scrolls
 c - a scroll of amnesia {unknown}
 e - 2 scrolls of immolation
 i - 4 scrolls of enchant weapon {unknown}
 m - 7 scrolls of teleportation
 n - 2 scrolls of torment
 w - a scroll of enchant armour
 x - 3 scrolls of vulnerability {unknown}
 F - 4 scrolls of noise
 M - a scroll of magic mapping {unknown}
Potions
 k - 3 potions of brilliance
 q - 4 potions of flight
 t - 3 potions of attraction
 v - 4 potions of lignification
 D - 2 potions of berserk rage
 G - 2 potions of cancellation
 J - 2 potions of might {unknown}
 O - a potion of haste {unknown}
Miscellaneous
 K - a box of beasts


   Skills:
 - Level 6.0 Fighting
 - Level 6.0 Short Blades
 - Level 9.0 Dodging
 - Level 6.0 Stealth
 - Level 15.0 Spellcasting
 - Level 9.0 Conjurations
 - Level 4.0 Summonings
 - Level 4.0 Translocations
 - Level 6.0 Ice Magic
 - Level 6.0 Air Magic
 - Level 4.0 Poison Magic
 * Level 5.4 Evocations


You had 20 spell levels left.
You knew the following spells:

 Your Spells              Type           Power      Damage    Failure   Level
a - Magic Dart            Conj           100%       1d8       1%          1
b - Foxfire               Conj/Fire      100%       2x1d9     1%          1
c - Mephitic Cloud        Conj/Pois/Air  53%        N/A       1%          3
d - Fulminant Prism       Conj/Hex       22%        3d13      1%          4
e - Conjure Flame         Conj/Fire      44%        6-21      1%          3
f - Freezing Cloud        Conj/Ice/Air   27%        6-21      1%          5
k - Blink                 Tloc           N/A        N/A       1%          2
P - Call Imp              Summ           41%        N/A       1%          2

Your spell library contained the following spells:

 Spells                   Type           Power      Damage    Failure   Level
 Lightning Bolt           Conj/Air       28%        1d45      1%          5
 Gell's Gravitas          Tloc           20%        N/A       1%          3
 Teleport Other           Tloc           41%        N/A       1%          3
 Beastly Appendage        Tmut           40%        N/A       2%          1
 Slow                     Hex            20%        N/A       3%          2
 Wereblood                Tmut           20%        N/A       3%          2
 Spider Form              Tmut/Pois      15%        N/A       3%          3
 Dispersal                Tloc           20%        N/A       58%         6
 Simulacrum               Ice/Necr       18%        N/A       75%         6
 Polar Vortex             Ice            25%        N/A       100%        9


Dungeon Overview and Level Annotations

Branches:
Dungeon (14/15)            Temple (1/1) D:7            Lair (1/6) D:9
    Orc (0/2) D:9
 Vaults: D:13-14

Altars:
Ashenzari
Cheibriados
Dithmenos
Elyvilon
Fedhas
Gozag
Hepliaklqana
Kikubaaqudgha
Makhleb
Nemelex Xobeh
Okawaru
Qazlal
Ru
Sif Muna
Trog
Uskayaw
Vehumet
Wu Jian
Xom
Yredelemnul
Zin
The Shining One

Shops:
D:3 !   D:4 (   D:10 !

Annotations:
D:10 exclusion: 4 killer bees
D:12 Fannar
D:13 Azrael


Message History

The centaur is engulfed in noxious fumes.
The centaur appears confused.
The centaur is engulfed in freezing vapours.
You kill the centaur!
Vehumet accepts your kill.
You feel your power returning.
The centaur warrior is engulfed in freezing vapours.
The centaur warrior shoots an arrow.
The arrow hits you!
* * * LOW HITPOINT WARNING * * *
The centaur is engulfed in freezing vapours.
You kill the centaur!
Vehumet accepts your kill.
You feel your power returning.
The centaur is engulfed in noxious fumes.
The centaur appears confused.
Okay, then.
Press: ? - help, v - describe, . - travel
Here: a centaur warrior, wielding a +0 shortbow and quivering arrows (freezing vapour, severely wounded)
The floor.
You can't go down here!
Enter note: - ouch... these guys stack it up fast Unknown command.
Okay, then.
Saving game... please wait.
Welcome back, grimtooth the Deep Elf Hedge Wizard.
Vehumet says: Let it end in hellfire!
Press ? for a list of commands and other information.
Press: ? - help, v - describe, . - travel, g - get item Item here: 3 scrolls of teleportation.
The floor.
Okay, then.
Press: ? - help, v - describe, . - travel
Here: a centaur warrior, wielding a +0 shortbow and quivering arrows (freezing vapour, severely wounded)
The floor.
Enter note: - well this is awkward You are confused.
You feel invigorated.
The centaur warrior is engulfed in freezing vapours.
The centaur warrior shoots an arrow.
The arrow hits you!!
You die...

. .## ..# #.?
#.# # # #.#
#...#.#.#
#......@#
..§§§.......#
..§§§.......#
..§§§.......#
#§§§☼.......#
#§c§☼.......#
###§§○.######
..§..


You could see a centaur warrior.

Vanquished Creatures
  Gastronok (D:9)
  3 boulder beetles
  Erolcha (D:12)
  A catoblepas (D:13)
  An ogre mage (D:10)
  A centaur warrior (D:13)
  2 two-headed ogres (D:10)
  A tengu warrior (D:13)
  2 ugly things
  5 cyclopes
  A manticore (D:12)
  A cane toad (Lair:1)
  A gargoyle (D:13)
  6 kobold demonologists
  An unseen horror (D:11)
  A yaktaur (shapeshifter) (D:13)
  2 efreet (D:12)
  A tengu conjurer (D:13)
  3 trolls
  A hornet (D:11)
  Prince Ribbit (D:9)
  Grinder (D:4)
  2 wraiths (D:10)
  6 yaks (D:11)
  A basilisk (D:13)
  A vampire (D:11)
  3 wyverns
  A steam dragon (D:12)
  3 fire elementals (D:13)
  A golden eye (D:10)
  Menkaure (D:4)
  13 wargs
  An acid dragon (D:11)
  A water moccasin (D:5)
  4 hell hounds (D:13)
  6 orc warriors
  2 black bears
  3 ogres
  13 centaurs
  2 phantoms
  6 bullfrogs
  11 kobold brigands
  Blork the orc (D:5)
  2 gnoll sergeants (D:10)
  A scorpion (D:4)
  A wyvern skeleton (D:7)
  A water moccasin skeleton (D:4)
  8 killer bees
  7 wights
  3 howler monkeys (D:10)
  6 centaur zombies
  4 jellies
  A centaur skeleton (D:5)
  9 gnoll shamans (D:10)
  A hound (D:4)
  3 orc priests
  2 iguanas (D:5)
  Terence (D:2)
  Natasha (D:2)
  8 orc wizards
  A killer bee zombie (D:7)
  A hound zombie (D:5)
  A hound skeleton (D:4)
  A gnoll (D:3)
  4 adders
  A shadow imp (D:5)
  A white imp (D:6)
  An ufetubus (D:7)
  34 orcs
  7 ball pythons
  2 endoplasms (D:1)
  2 giant cockroaches
  4 goblins
  2 hobgoblins
  4 jackals (D:1)
  A quokka (D:4)
  4 bats
  2 frilled lizards
  20 kobolds
  5 rats
277 creatures vanquished.

Vanquished Creatures (collateral kills)
  2 orc warriors
  An ice beast (D:5)
  2 scorpions
  A water moccasin skeleton (D:6)
  5 wights
  2 howler monkeys (D:10)
  An orc priest (D:6)
  A jelly (D:6)
  Jessica (D:2)
  Natasha (twice) (D:2)
  An iguana (D:5)
  3 adders
  2 gnolls (D:3)
  A worm (D:2)
  6 orcs
  A kobold (D:9)
  A quokka (D:4)
  4 foxfires (D:10)
37 creatures vanquished.

Vanquished Creatures (others)
  An unseen horror (D:13)
  625 foxfires
  3 fulminant prisms (D:11)
  3 fungi
  25 plants
657 creatures vanquished.

Grand Total: 971 creatures vanquished

Notes
Turn   | Place    | Note
-------+----------+-------------------------------------------
     0 | D:1      | grimtooth the Deep Elf Hedge Wizard began the quest for the
                  | Orb.
     0 | D:1      | Reached XP level 1. HP: 10/10 MP: 7/7
   542 | D:1      | Reached XP level 2. HP: 15/15 MP: 5/9
   692 | D:1      | Found a faded altar of an unknown god.
  1369 | D:2      | Learned a level 2 spell: Blink
  1372 | D:2      | Learned a level 2 spell: Call Imp
  1469 | D:2      | Noticed Jessica
  1484 | D:2      | Killed Jessica
  1485 | D:2      | Reached XP level 3. HP: 13/19 MP: 3/10
  1696 | D:2      | - this is one tough adder
  2113 | D:2      | Noticed Natasha
  2127 | D:2      | Killed Natasha
  2465 | D:2      | Noticed Natasha
  2484 | D:2      | Killed Natasha
  2485 | D:2      | Reached XP level 4. HP: 24/24 MP: 7/12
  2625 | D:2      | Noticed Terence
  2692 | D:2      | Noticed Natasha
  2702 | D:2      | Killed Natasha
  3492 | D:3      | Found Atroxt's Distillery.
  3645 | D:3      | Found an opulent altar of Gozag.
  3645 | D:3      | Found a burning altar of Makhleb.
  4369 | D:4      | Reached XP level 5. HP: 21/28 MP: 3/13
  4490 | D:4      | Noticed a phantom
  4510 | D:4      | Killed a phantom
  4511 | D:4      | Reached skill level 5 in Stealth
  4511 | D:4      | Reached skill level 5 in Conjurations
  4739 | D:4      | Found a sacrificial altar of Ru.
  4741 | D:4      | Noticed Grinder
  4752 | D:4      | Reached XP level 6. HP: 32/32 MP: 7/14
  4760 | D:4      | Killed Grinder
  5012 | D:4      | Found Uqyd Kytt's Weapon Boutique.
  5115 | D:4      | Reached XP level 7. HP: 36/36 MP: 9/15
  5157 | D:4      | Found a glowing golden altar of the Shining One.
  5425 | D:4      | Found a basalt altar of Yredelemnul.
  5436 | D:4      | Noticed Menkaure
  5567 | D:4      | Noticed an angel
  5752 | D:5      | Entered Level 5 of the Dungeon
  5948 | D:5      | Noticed Blork the orc
  6084 | D:5      | HP: 1/36 [poisoned by a scorpion]
  6101 | D:5      | Learned a level 3 spell: Mephitic Cloud
  6329 | D:5      | Reached skill level 1 in Short Blades
  6961 | D:2      | Killed Terence
  6962 | D:2      | Reached skill level 1 in Poison Magic
  7230 | D:5      | Killed Blork the orc
  7328 | D:5      | Reached XP level 8. HP: 37/41 MP: 4/16
  7636 | D:6      | Found a blossoming altar of Fedhas.
  7793 | D:6      | - shoulda taken the stairs
  7810 | D:6      | Reached skill level 1 in Fighting
  7848 | D:6      | Reached skill level 1 in Air Magic
  8480 | D:6      | - darn bees
  9205 | D:6      | Found a stormy altar of Qazlal.
  9320 | D:4      | Killed Menkaure
  9641 | D:3      | Bought a potion of heal wounds for 50 gold pieces
  9641 | D:3      | Bought a potion of curing for 30 gold pieces
  9732 | D:6      | Reached XP level 9. HP: 50/50 MP: 2/17
  9872 | D:7      | Found a staircase to the Ecumenical Temple.
  9881 | Temple   | Entered the Ecumenical Temple
  9950 | Temple   | Became a worshipper of Vehumet
 10418 | D:7      | Reached skill level 5 in Dodging
 11246 | D:8      | Reached * piety under Vehumet
 11246 | D:8      | Offered knowledge of Foxfire by Vehumet.
 11422 | D:8      | Reached skill level 5 in Spellcasting
 12539 | D:8      | Found a shimmering blue altar of Sif Muna.
 12548 | D:8      | - too late baby
 12704 | D:9      | Reached skill level 6 in Spellcasting
 13297 | D:9      | Found a staircase to the Lair.
 13389 | D:9      | Reached skill level 7 in Spellcasting
 13739 | D:9      | Noticed Gastronok
 13809 | D:9      | Found a staircase to the Orcish Mines.
 14156 | D:9      | Reached skill level 8 in Spellcasting
 14938 | D:7      | Reached skill level 9 in Spellcasting
 15252 | D:8      | Learned a level 1 spell: Foxfire
 15373 | D:9      | - well this doesnt look good
 15373 | D:9      | Noticed Prince Ribbit
 15374 | D:9      | - its getting funner and also more fun
 15376 | D:9      | - airstrike = dangerous
 15380 | D:9      | Killed Gastronok
 15380 | D:9      | Killed Prince Ribbit
 15380 | D:9      | Reached ** piety under Vehumet
 15381 | D:9      | Reached skill level 10 in Spellcasting
 15381 | D:9      | Reached XP level 10. HP: 31/56 MP: 17/26
 15421 | D:9      | Offered knowledge of Static Discharge by Vehumet.
 15425 | D:9      | - can i get my hat please
 15969 | D:9      | Reached skill level 11 in Spellcasting
 16332 | Lair:1   | Entered Level 1 of the Lair of Beasts
 16514 | Lair:1   | Noticed a cane toad
 16677 | Lair:1   | Killed a cane toad
 16949 | D:10     | Entered Level 10 of the Dungeon
 17345 | D:10     | Noticed a cyclops
 17439 | D:10     | Reached skill level 12 in Spellcasting
 17717 | D:10     | Found Noloiz's Distillery.
 17853 | D:10     | Reached XP level 11. HP: 40/61 MP: 13/29
 18080 | D:10     | Noticed a sun demon
 18094 | D:10     | Noticed a two-headed ogre
 18111 | D:10     | Killed a two-headed ogre
 18572 | D:10     | Reached skill level 5 in Short Blades
 18585 | D:10     | Reached skill level 13 in Spellcasting
 18713 | D:10     | Offered knowledge of Inner Flame by Vehumet.
 18876 | D:10     | Reached *** piety under Vehumet
 18918 | D:10     | Noticed an ogre mage
 19106 | D:10     | Noticed a two-headed ogre
 19122 | D:10     | Killed a two-headed ogre
 19287 | D:10     | Reached skill level 5 in Fighting
 19856 | D:10     | Noticed a two-headed ogre
 19874 | D:10     | Paralysed by something for 3 turns
 19877 | D:10     | HP: 2/64 [something/ball of steam[a kobold demonologist]
                  | (24)]
 19878 | D:10     | - the old one-two
 19889 | D:10     | Killed an ogre mage
 19890 | D:10     | Reached skill level 14 in Spellcasting
 20537 | D:10     | Offered knowledge of Fulminant Prism by Vehumet.
 20645 | D:10     | Learned a level 4 spell: Fulminant Prism
 20649 | D:10     | Learned a level 3 spell: Conjure Flame
 20655 | D:10     | Learned a level 5 spell: Freezing Cloud
 20741 | D:11     | Noticed a boulder beetle
 21396 | D:11     | Noticed a cyan ugly thing
 21415 | D:11     | Killed a cyan ugly thing
 21416 | D:11     | Reached skill level 15 in Spellcasting
 21556 | D:11     | Reached XP level 12. HP: 70/70 MP: 24/33
 21560 | D:11     | Reached skill level 1 in Ice Magic
 21720 | D:11     | Killed a boulder beetle
 22209 | D:12     | Noticed a boulder beetle
 22225 | D:12     | Killed a boulder beetle
 22622 | D:12     | Noticed Erolcha
 22661 | D:12     | Noticed Fannar
 22794 | D:12     | Reached skill level 5 in Ice Magic
 22800 | D:12     | - uhoh
 22810 | D:12     | Reached **** piety under Vehumet
 22810 | D:12     | Killed Erolcha
 23338 | D:13     | Reached skill level 5 in Air Magic
 23623 | D:13     | Noticed a boulder beetle
 23644 | D:13     | Killed a boulder beetle
 23829 | D:13     | Noticed a tengu warrior
 23852 | D:13     | Killed a tengu warrior
 23934 | D:13     | Noticed a catoblepas
 24024 | D:13     | Reached skill level 1 in Evocations
 24227 | D:13     | Killed a catoblepas
 24472 | D:13     | Noticed a centaur warrior
 24477 | D:13     | Offered knowledge of Lightning Bolt by Vehumet.
 24482 | D:13     | Killed a centaur warrior
 24483 | D:13     | Noticed Azrael
 24489 | D:13     | Reached skill level 5 in Evocations
 24920 | D:14     | Noticed a centaur warrior
 24924 | D:14     | - ouch... these guys stack it up fast
 24924 | D:14     | - well this is awkward
 24924 | D:14     | Shot with an arrow by a centaur warrior

Illustrated notes .##.#.# .##.#.### .##.#.#.########### ......)...........# ..#.#.#.###.#.###.# ......### #.#.# #.# ......# #.#.###.# ......# #.#.....# ###.### #.####..# #.# #.####..# #.# #.)...@[# #+# ######S## ... #.# .... ####.# ..... ##.##.# ......####...#.## ......'.......#.## .S....####...###.# ..... ##.#.#.## .... ####.## r.. #.# Turn 1696 on D:2: - this is one tough adder ##...#.....(...........# ##......#...............# .o...#..###............## .#...##.......§.o....### .#.....#........§.o### ......####....§..o..# .....## #.#...[....# ...### ####....<### .### ###)..# . ##...## # #...@.# ##.).## ##.## ### Turn 7793 on D:6: - shoulda taken the stairs ## ##..[ ..### ##.. ..# ##.y... ..... ..# ..## ...### #.. .....#. ##...#### ...#... #.....#.##....... #................. .. #....#...@........ . .. #..y#...y......... .. .. #.....5y.............. #. ##................... #. #.y§.................#. ##...................... ##...............>....... #..........###..........# #........#.##............ #.........#....#.......... ..........##...#.........( Turn 8480 on D:6: - darn bees ######### #.......### #.........#### ### #............### #.## #..........(...#####.## #.....................### #.....................##.# ## #...........#######..####.# #. #..........##≈≈≈≈≈###..###.####. #..........#≈≈≈≈≈≈≈##....#..##.. ##.........#≈≈.@.≈≈##....##....# #.........#≈≈._...'.[..###..... #.........#≈≈...≈≈##...##...... ##........#≈≈≈≈≈≈≈##.....##..#. #........##≈≈≈≈≈###....###..## #.........#######.....## ##.## ##....................## #..# #.....................# #..# ##....................# #..# ##....................####... #.##.....................#..# Turn 12548 on D:8: - too late baby #.# #(. #.# #.. #.# #.. #.############ #.. #............# #.. #.##########.# #+# #.# #......#.# ##.###......#.# #..##.......#.# ............#.##### ............#...@.# ............#####w# # ..........####...○##.#####...... .#....>...#######.y.....##....y .............######y.##........ .#........##....# .## .... ........####....# ## ... ........# #....# #.# ######.## #....# #.## ##.# #....# #..# #####(.# #....# ##.# Turn 15373 on D:9: - well this doesnt look good #.# #(. #.# #.. #.# #.. #.############ #.. #............# #.. #.##########.# #+# #.# #......#.# ##.###......#.# #..##.......#.# ............#.##### ............#...@.# ............#####w# # ..........####...y##.#####...... .#....>...#######.°.....##....y .............######F.##........ .#........##....# .## .... ........####....# ## ... ........# #....# #.# ######.## #....# #.## ##.# #....# #..# #####(.# #....# ##.# Turn 15374 on D:9: - its getting funner and also more fun #.# #(. #.# #.. #.# #.. #.############ #.. #............# #.. #.##########.# #+# #.# #......#.# ##.###......#.# #..##.......#.# ............#.##### ............#..5@.# ............#####w# # ..........####...F##.#####...... .#....>...#######.y.....##....y .............######..##........ .#........##....# .## .... ........####....# ## ... ........# #....# #.# ######.## #....# #.## ##.# #....# #..# #####(.# #....# ##.# Turn 15376 on D:9: - airstrike = dangerous #.# #(. #.# #.. #.# #.. #.############ #.. #............# #.. #.##########)# #+# #.# #......#.# ##.###......#.# #..##.......#.# ............#.##### ............#...@v# ............#####c# # ..........####....##.#####...... .#....>...#######†).....##....y .............######..##........ .#........##....# .## .... ........####....# ## ... ........# #....# #.# ######.## #....# #.## ##.# #....# #..# #####(.# #....# ##.# Turn 15425 on D:9: - can i get my hat please

...##....#.........##.....#.#####
...##...>#.........##.....#.#
...##....#.........##.....#.#
...##....#.........##.....#.#####
###########'##########....#......
.....................#....#######
####..######......§..#...........
#..# #......§.§#........... #..#
#......§§§'........... ####..#
#....)§.§.#........... ......#
#....@...§#.........[. )####.#
#..K§....{#..........[ ....#.#
#..§....).#...........
....#.######43.....(.############
....#........#######......§......
....#)....P..........5...........
....#....≈≈≈(≈≈)≈≈≈≈≈≈≈≈≈≈≈≈....≈
....#....≈≈≈≈≈≈≈≈≈≈≈≈≈≈≈≈≈≈≈....≈
....#....≈≈#####≈≈≈≈≈)≈≈O≈≈≈....≈
....#....≈≈#...#........)........
....#....≈≈#...#############''''#


Turn 19878 on D:10: - the old one-two ## #......# ##.########## #....>......#
######## #### #...........# #....... ...# #...........#####.###### ...#
#...........#...'.#....# ...### #.§§..........###.#....# .....# #.☼○☼..(....###
#.#....# ...#.# #.°☼§.!.....# #.#....# ...#.# #...........# #.#....' ...#..
#......@....# #.#....# ...###O #...O.......# #.###### .### .. ............#
#....... .# ###...$....D..# ##+##### .# ##########.## #....<. .. #)...#
#########' #. #)#######...#.#... .# #.!..☼....#.'.#.#.#.#. +#
#....R....#.#.#...#.#. #.......c...#.###.#.## #..°....!.###...#.#.#. Turn 22800
on D:12: - uhoh . .## ..# #.? #.# # # #.# #...#.#.# #......@# ..§§§.......#
..§§§.......# ..§§§.......# #§§§☼.......# #§c§☼.......# ###§§○.###### ..§.c Turn
24924 on D:14: - ouch... these guys stack it up fast . .## ..# #.? #.# # # #.#
#...#.#.# #......@# ..§§§.......# ..§§§.......# ..§§§.......# #§§§☼.......#
#§c§☼.......# ###§§○.###### ..§.c Turn 24924 on D:14: - well this is awkward

Levels and vault maps discovered:
D:1:      scummos_arrival_gate, layout_basic,
          dreamdust_ecumenical_altar_hidden_monk_grotto, serial_bayou_pond_d,
          minmay_misc_feat_doors
D:2:      layout_loops_corners, uniq_natasha, uniq_jessica, uniq_terence
D:3:      layout_basic, gammafunk_temple_overflow_wave, serial_shops, shop,
          grunt_ministairs_9, dk_noncrumbling_3
D:4:      layout_gridville, grunt_temple_overflow_holy_war,
          mainiacjoe_overflow_surrounded_room, serial_shops,
          nicolae_shop_statue_plus, chequers_big_river, uniq_menkaure,
          uniq_grinder
D:5:      layout_rooms, uniq_blork_the_orc
D:6:      layout_cave_pools, grunt_temple_overflow_forces_of_nature
D:7:      layout_loops_corners, minmay_temple_entry_gardened_gates
D:8:      layout_layer_cave, led_sif_pool, special_room [special_room_orc],
          kennysheep_generic_room_12
D:9:      layout_roguey, lair_entry_dummy, orc_0_dummy, serial_co_window_serial,
          co_window_corner_a, co_window_corner_a, co_window_paths_a,
          co_window_paths_a, co_window_paths_b, co_window_unsneaky_path_c,
          co_window_corner_b, co_window_2corner, co_window_broadway_b,
          co_window_corner_ca, co_window_corner_ca, co_window_broadway_a,
          glass_columns_b, glass_columns_c, glass_columns_a, glass_columns_a,
          uniq_prince_ribbit1, uniq_gastronok
D:10:     lemuel_castle_with_subvaults [lemuel_castle_interior_carwin_2],
          layout_stronghold, serial_shops, kennysheep_little_box
D:11:     layout_loops_cross, grunt_decor_mini_mirrors
D:12:     layout_roguey, uniq_erolcha, uniq_fannar
D:13:     layout_roguey, uniq_azrael
D:14:     kennysheep_tiny_hell, layout_basic, grunt_vaults_entry_fortified,
          hangedman_ru_absence, serial_shops, nicolae_shop_trees,
          einodemon_barbed_minivault
Temple:   zaba_magenta_temple
Lair:1:   layout_cave_shapes, serial_bayou_lake_a, grunt_megastairs_3,
          lemuel_fruit_tree, infiniplex_staircase_pool

Skill      XL: |  1  2  3  4  5  6  7  8  9 10 11 12 |
---------------+-------------------------------------+-----
Stealth        | 3 4 5 6 |  6.0
Conjurations   | 2 3 4 5 6 9 |  9.0
Summonings     | 2 4 |  4.0
Translocations | 2 4 |  4.0
Short Blades   | 2 3 4 6 |  6.0
Poison Magic   | 2 4 |  4.0
Fighting       | 3 4 6 |  6.0
Air Magic      | 4 6 |  6.0
Dodging        | 3 9 |  9.0
Spellcasting   | 10 12 15 | 15.0
Ice Magic      | 6 |  6.0
Evocations     | 5 |  5.4

Action                   |  1- 3 |  4- 6 |  7- 9 | 10-12 || total
-------------------------+-------+-------+-------+-------++-------
Melee: Dagger            |    12 |    18 |   219 |   238 ||   487
Throw: Dart              |       |       |       |    19 ||    19
 Cast: Magic Dart        |    73 |    60 |   225 |       ||   358
       Call Imp          |    12 |    27 |    91 |    33 ||   163
       Blink             |       |       |    24 |    58 ||    82
       Mephitic Cloud    |       |       |    20 |    43 ||    63
       Foxfire           |       |       |       |   357 ||   357
       Freezing Cloud    |       |       |       |    33 ||    33
       Fulminant Prism   |       |       |       |     3 ||     3
       Conjure Flame     |       |       |       |     3 ||     3
Evoke: Wand              |       |       |    20 |    19 ||    39
  Use: Potion            |     2 |       |     9 |     5 ||    16
       Scroll            |       |     2 |     8 |     5 ||    15
 Stab: Sleeping          |       |       |     5 |     4 ||     9
       Confused          |       |       |     7 |    21 ||    28
       Distracted        |       |       |     3 |     3 ||     6
Armor: Robe              |     5 |     7 |    60 |    90 ||   162
Dodge: Dodged            |    24 |    17 |   138 |   206 ||   385
